 Dungeon Crawl Stone Soup version 0.17.0-27-g4a3f43e (webtiles) character file.

976959 4thArraOfDagon the Impregnable (level 27, -1/266 HPs)
             Began as a Minotaur Berserker on Nov 20, 2015.
             Was the Champion of the Shining One.
             Slain by Antaeus (14 damage)
             ... in the Vestibule of Hell on Nov 21, 2015.
             The game lasted 03:56:02 (28198 turns).

4thArraOfDagon the Impregnable (MiBe)              Turns: 28198, Time: 03:56:02

Health: -1/266     AC: 45    Str: 24    XL:     27
Magic:  16/37      EV: 16    Int: 15    God:    the Shining One [******]
Gold:   1506       SH: 17    Dex: 15    Spells: 5 memorised, 32 levels left

rFire  + . .     SeeInvis +     k - +7 broad axe (holy)
rCold  + + +     Clarity  .     p - +10 plate armour {rPois}
rNeg   + + +     SustAt   .     m - +2 shield of Resistance {rF+ rC+ MR+}
rPois  +         Gourm    .     f - -2 hat of the Alchemist {rElec rPois rF+ rC+ rN+ MR+ rMut rCorr}
rElec  +         Spirit   .     P - +2 cloak
rCorr  +         Warding  .     N - +3 pair of gauntlets of War {Slay+5}
rMut   +         Stasis   .     L - +1 pair of boots of the Serpent {Dex+4}
MR     +++++                    X - amulet "Ixoav" {+Rage rF- Int+3 SInv}
Stlth  ..........               S - ring "Loeqask" {+Blink MR+}
                                W - ring of protection from cold

@: about to teleport, frozen, flying (expiring), very slightly contaminated,
glowing, very slow, almost entirely resistant to hostile enchantments, extremely
unstealthy
A: retaliatory headbutt, horns 2, icy blue scales 1, thin metallic scales 1,
electricity resistance, spit poison 1, weak 1
a: Spit Poison, Divine Shield, Cleansing Flame, Summon Divine Warrior, Renounce
Religion, Evoke Blink, Evoke Berserk Rage
}: 13/15 runes: decaying, serpentine, slimy, silver, golden, icy, bone, abyssal,
demonic, glowing, magical, fiery, dark


You were in the Vestibule of Hell.
You worshipped the Shining One.
The Shining One was exalted by your worship.
You were not hungry.

You visited 14 branches of the dungeon, and saw 73 of its levels.
You visited Pandemonium 2 times, and saw 45 of its levels.
You visited the Abyss 3 times.
You visited 1 bazaar.
You also visited: Ossuary, Bailey and Ice Cave.

You collected 6771 gold pieces.
You spent 5255 gold pieces at shops.

Inventory:

Hand Weapons
 e - a +9 war axe of chopping
 k - a +7 broad axe of holy wrath (weapon)
Armour
 f - the -2 hat of the Alchemist (worn) {rElec rPois rF+ rC+ rN+ MR+ rMut rCorr}
   (You bought it in a shop on level 2 of the Vaults)

   It protects you from fire.
   It protects you from cold.
   It insulates you from electricity.
   It protects you from poison.
   It protects you from negative energy.
   It affects your resistance to hostile enchantments.
   It protects you from acid and corrosion.
   It protects you from mutation.
 m - the +2 shield of Resistance (worn) {rF+ rC+ MR+}
   (You bought it in a shop in a bazaar)

   It protects you from fire.
   It protects you from cold.
   It affects your resistance to hostile enchantments.
 p - a +10 plate armour of poison resistance (worn)
 x - a +6 gold dragon armour
 L - the +1 pair of boots of the Serpent (worn) {Dex+4}
   (You found it in Pandemonium)

   It affects your dexterity (+4).
 N - the +3 pair of gauntlets of War (worn) {Slay+5}
   (You found it on level 6 of the Pits of Slime)

   It affects your accuracy and damage with ranged weapons and melee attacks
   (+5).
 P - a +2 cloak (worn)
 Z - the +0 pair of gloves of Spite {+Inv rElec rF++ Dex+4}
   (You bought it in a shop on level 4 of the Orcish Mines)

   It affects your dexterity (+4).
   It greatly protects you from fire.
   It insulates you from electricity.
   It lets you turn invisible.
Magical Staves
 R - an uncursed staff of energy
Jewellery
 d - an uncursed amulet of clarity
 n - an uncursed ring of protection from fire
 r - a +5 ring of intelligence
 t - the amulet of Deucecex {rCorr rElec rPois}
   (You found it on level 3 of the Crypt)

   [amulet of resist corrosion]

   It protects you from acid and corrosion.
   It insulates you from electricity.
   It protects you from poison.
 u - the amulet "Atyng" {Faith rF+ rC+ MR+ Str-2 Int+3}
   (You found it in Pandemonium)

   [amulet of faith]

   It allows you to gain divine favour quickly.
   It affects your strength (-2).
   It affects your intelligence (+3).
   It protects you from fire.
   It protects you from cold.
   It affects your resistance to hostile enchantments.
 K - a cursed amulet of stasis
 O - the amulet "Yresefism" {rCorr rC+}
   (You took it off a deep elf annihilator on level 3 of the Elven Halls)

   [amulet of resist corrosion]

   It protects you from acid and corrosion.
   It protects you from cold.
 S - the ring "Loeqask" (right hand) {+Blink MR+}
   (You found it on level 6 of the Pits of Slime)

   [ring of protection from magic]

   It affects your resistance to hostile enchantments.
   It lets you blink.
 T - an uncursed ring of sustain attributes
 W - a ring of protection from cold (left hand)
 X - the amulet "Ixoav" (around neck) {+Rage rF- Int+3 SInv}
   (You took it off a deep elf blademaster on level 3 of the Elven Halls)

   [amulet of rage]

   It affects your intelligence (+3).
   It makes you vulnerable to fire.
   It lets you see invisible.
   It lets you go berserk.
Wands
 y - a wand of hasting (5)
 M - a wand of disintegration (12)
 Q - a wand of digging (9)
 V - a wand of heal wounds (8)
Scrolls
 i - 5 scrolls of identify
 j - 3 scrolls of blinking
 s - 10 scrolls of remove curse
 v - a scroll of summoning
 w - a scroll of holy word
 A - 7 scrolls of recharging
 B - a scroll of magic mapping
 E - 5 scrolls of fog
Potions
 a - 6 potions of might
 g - 3 potions of curing
 h - a potion of cure mutation
 q - 6 potions of flight
 z - 4 potions of cancellation
 F - 5 potions of agility
 G - a potion of resistance
 I - 6 potions of brilliance
 U - a potion of berserk rage
Miscellaneous
 o - a lamp of fire
 C - a fan of gales
 J - 2 phantom mirrors
 Y - a phial of floods
Comestibles
 c - 8 bread rations
 l - 27 meat rations


   Skills:
 - Level 25.0 Fighting
 - Level 23.3 Axes
 - Level 26.0 Armour
 - Level 15.0 Dodging
 - Level 17.3 Shields
 - Level 9.0 Spellcasting
 - Level 12.0 Translocations
 * Level 23.3 Invocations
 - Level 6.5 Evocations


You had 32 spell levels left.
You knew the following spells:

 Your Spells              Type           Power        Failure   Level  Hunger
a - Apportation           Tloc           #####.....   1%          1    None
b - Passage of Golubria   Tloc           N/A          3%          4    ###....
c - Song of Slaying       Chrm           #.......     69%         2    None
d - Spectral Weapon       Hex/Chrm       #.......     95%         3    #......
e - Blink                 Tloc           N/A          1%          2    None


Dungeon Overview and Level Annotations

Branches:
Dungeon (15/15)              Lair (8/8) D:10          Swamp (4/4) Lair:5
  Snake (4/4) Lair:5        Slime (6/6) Lair:8          Orc (4/4) D:9
    Elf (3/3) Orc:3        Vaults (5/5) D:14          Crypt (3/3) Vaults:3
   Tomb (3/3) Crypt:3      Depths (3/5) D:15           Hell (1/1)
    Coc (7/7) Hell            Tar (7/7) Hell
 Temple: D:4-7          Dis: Hell:1         Geh: Hell:1

Altars:
Ashenzari
Cheibriados
Kikubaaqudgha
Ru
Vehumet
The Shining One
Beogh

Shops:
D:12 (   D:15 ?   Orc:4 [!:}   Elf:3 [   Snake:4 *   Vaults:2 [   Vaults:4 (
Vaults:5 %   Depths:2 ?

Portals:
Hell: Depths:3
Pandemonium: Depths:3
Trove: Vaults:3 (give 2 scrolls of acquirement)

Annotations:
Swamp:4 Jorgrun
Vaults:2 HAT OF ALCH!
Hell Antaeus


Innate Abilities, Weirdness & Mutations

You reflexively headbutt those who attack you in melee.
You have a pair of horns on your head.
You are partially covered in icy blue scales (AC +1).
You are partially covered in thin metallic scales (AC +2).
You are resistant to electric shocks.
You can spit weak poison.
You are weak. (Str -2)


Message History

The hell rat barely misses you. You furiously retaliate!
You headbutt the hell rat!
You kill the hell rat!
The Shining One accepts your kill.
You feel better. Antaeus gestures at you. The flash freeze hits you!
You are encased in ice.
Unknown command.
Unknown command.
Read which item? (? for menu, Esc to quit)
As you read the scroll of teleportation, it crumbles to dust.
You feel strangely unstable.
The hell rat enters the passage of Golubria.
You block the hell rat's attack. Antaeus hits you!!!
* * * LOW HITPOINT WARNING * * *
Antaeus freezes you! You resist.
* * * LOW HITPOINT WARNING * * *
Antaeus hits you!
You die...

.........))..................
.........∩............^...≈≈≈
.........}.............^.≈≈≈≈
........................≈≈≈≈≈
........................≈≈≈.≈
.......................≈≈.C..
..............§........≈.....
.............C....3......⌠3⌠.
............@...4......))....
............r...........)).⌠r
........r.........≈.....
..................≈≈....
..................r≈≈≈.≈
.......5..........4≈≈≈≈≈
.^...........r......≈≈≈≈
.....................≈≈≈
............


You could see Antaeus, an ice devil, a rust devil, 3 hell rats and an iron imp.

Vanquished Creatures
  Gloorx Vloq (Pan)
  the Serpent of Hell (Coc:7)
  Mnoleg (Pan)
  Mennas (Vaults:4)
  4 ancient liches
  A juggernaut (Depths:3)
  13 greater mummies
  The ghost of inmateoo the Executioner, a veteran HOAs of Beogh (Vaults:5)
  4 golden dragons
  3 bone dragons
  8 liches
  14 pandemonium lords (Pan)
  6 Brimstone Fiends
  16 Ice Fiends
  5 Hell Sentinels (Pan)
  8 tentacled monstrosities
  10 Shadow Fiends
  2 deep elf blademasters (Elf:3)
  3 deep elf master archers (Elf:3)
  A quicksilver dragon (Vaults:5)
  4 titans
  11 acid blobs
  23 Executioners (Pan)
  4 ancient champions
  3 eldritch tentacles
  11 shadow dragons
  5 sphinxes
  A thorn hunter (Swamp:3)
  6 tengu reavers
  5 revenants
  A tentacled starspawn (Abyss:3)
  11 fire giants
  4 greater nagas (Snake:4)
  3 storm dragons (Vaults:5)
  7 chaos champions (Pan)
  Donald (Crypt:3)
  19 vault wardens
  2 azure jellies
  19 balrugs (Pan)
  3 deep elf sorcerers
  9 cacodemons (Pan)
  An orc warlord (Vaults:3)
  4 curse skulls
  4 frost giants
  2 ghouls (Crypt:1)
  An angel (Pan)
  6 ironheart preservers
  16 warmongers (Pan)
  A draconian annihilator (Pan)
  21 reapers
  6 bennus
  2 war gargoyles (Vaults:5)
  12 very ugly things
  17 stone giants
  Nessos (Lair:5)
  9 blood saints (Pan)
  9 lorocyprocas (Pan)
  12 black suns (Pan)
  6 corrupters (Pan)
  5 deep elf demonologists
  3 salamander stormcallers
  9 deep elf annihilators
  A mottled draconian (Abyss:3)
  20 blizzard demons
  8 deep elf death magi
  18 green deaths
  6 ettins
  37 vault guards
  2 fire dragons
  A jiangshi (Vaults:3)
  2 eidola
  17 mummy priests
  5 rakshasas
  2 death oozes (Slime:6)
  4 deep elf high priests
  2 great orbs of eyes
  The ghost of septik the Bludgeoner, a journeyman GrFi of Okawaru (IceCv)
  10 hydras
  4 hell beasts (Pan)
  Erolcha (Orc:2)
  11 yaktaur captains
  17 ice dragons
  10 naga warriors (Snake:4)
  A death knight (Crypt:1)
  A quicksilver dragon skeleton (Coc:7)
  15 monstrous demonspawn (Pan)
  2 alligators (Swamp:1)
  9 ogre magi
  2 ghost crabs
  3 dancing weapons
  9 centaur warriors
  7 anacondas
  A tengu warrior (Depths:3)
  4 naga sharpshooters
  A vampire mage (Crypt:2)
  3 hell hogs (Hell)
  A deep troll shaman (Vaults:1)
  A thrashing horror (Swamp:4)
  2 titan zombies
  27 soul eaters
  3 small abominations
  A shock serpent (Snake:4)
  The ghost of septik the Basher, a novice GrFi of Okawaru (D:9)
  An orc high priest (Elf:3)
  47 sun demons
  5 deep elf knights
  A fire crab (Vaults:4)
  4 titan skeletons
  9 sea snakes (Snake:4)
  10 shadow wraiths
  12 hell knights
  50 skeletal warriors
  2 golden dragon zombies (Tar:7)
  14 gelid demonspawn (Pan)
  A ghost moth zombie (Coc:7)
  A salamander mystic (Snake:4)
  16 shadow demons
  A necromancer (Vaults:5)
  53 death scarabs
  3 giant orange brains
  29 ice devils
  A deep elf summoner (Elf:1)
  7 anaconda zombies
  7 deep trolls
  15 ironbrand convokers
  A flayed ghost (Crypt:3)
  2 spriggan druids (Swamp:4)
  16 infernal demonspawn (Pan)
  A storm dragon skeleton (Coc:7)
  17 torturous demonspawn (Pan)
  12 hill giants
  6 anaconda skeletons
  5 unseen horrors
  A naga ritualist (Snake:4)
  13 orc knights
  9 phantasmal warriors
  2 golden dragon skeletons
  3 swamp dragons (Swamp:4)
  13 putrid demonspawn (Pan)
  26 anubis guards
  A cyclops (D:11)
  6 deep elf conjurers
  3 mana vipers
  4 shining eyes
  A shining eye (shapeshifter) (Vaults:5)
  A lindwurm (shapeshifter) (Vaults:5)
  A shadow dragon zombie (Tar:2)
  15 ugly things
  9 wolf spiders
  4 harpies
  A fire giant zombie (Tomb:3)
  4 oklob plants (Lair:8)
  9 orc sorcerers
  3 stone giant zombies
  3 hornets
  3 wizards (Pan)
  2 salamanders (Snake:4)
  A griffon (Vaults:2)
  5 guardian serpents (Snake:4)
  7 elephants (Lair:7)
  7 frost giant skeletons
  A stone giant skeleton (Tar:2)
  3 fire giant skeletons
  6 titan simulacra (Coc:7)
  17 sixfirhies (Pan)
  A molten gargoyle (Orc:3)
  2 torpor snails
  5 black mambas
  A shock serpent zombie (Crypt:3)
  2 ice statues
  6 rust devils
  5 storm dragon simulacra (Coc:7)
  12 vault sentinels
  An eye of devastation (Slime:6)
  A dire elephant zombie (Tar:7)
  Psyche (D:10)
  35 yaktaurs
  15 orange demons
  6 gargoyles
  A shock serpent skeleton (Tomb:1)
  A dire elephant skeleton (Coc:7)
  2 fire drakes
  45 large abominations
  8 demonic crawlers (Pan)
  A kobold demonologist (Vaults:2)
  2 catoblepas zombies
  4 efreet
  A black draconian zombie (Crypt:1)
  23 spiny frogs
  A grey draconian zombie (Crypt:2)
  14 tormentors
  A golden dragon simulacrum (IceCv)
  13 hellions
  25 smoke demons
  2 naga magi (Snake:4)
  4 komodo dragons
  35 guardian mummies
  8 anaconda simulacra
  21 blue devils
  4 hydra zombies
  14 freezing wraiths
  21 red devils
  2 catoblepas skeletons
  A merfolk (Vaults:2)
  11 deep elf priests
  14 hellwings (Pan)
  2 trolls
  5 giant leeches
  A harpy skeleton (Coc:2)
  A queen bee (shapeshifter) (Vaults:1)
  10 polar bears
  15 two-headed ogres
  8 ushabtiu
  A trapdoor spider zombie (D:8)
  10 blink frogs
  A hydra skeleton (Coc:1)
  12 bog bodies
  63 slime creatures
  2 alligator zombies (Coc:2)
  A hornet zombie (D:15)
  An ettin zombie (Tomb:1)
  6 boulder beetles
  2 fire dragon zombies
  25 shadows
  30 flying skulls
  An ice dragon skeleton (Coc:7)
  12 ynoxinuls (Pan)
  An alligator skeleton (Hell)
  6 wraiths
  2 wyverns
  5 fire dragon skeletons
  14 deep elf magi
  4 hippogriffs
  27 yaks
  A fire bat (shapeshifter) (Vaults:2)
  4 vampires
  17 wolves
  2 basilisks
  3 centaur simulacra
  A fire elemental (Orc:3)
  5 golden eyes
  8 water elementals
  Grum (Lair:1)
  11 deep elf fighters
  19 vampire mosquitoes
  35 neqoxecs (Pan)
  3 hungry ghosts
  A hippogriff (shapeshifter) (Vaults:1)
  20 chaos spawn (Pan)
  7 iron troll simulacra (IceCv)
  Menkaure (Ossuary)
  An insubstantial wisp (Swamp:3)
  2 wargs (Vaults:1)
  9 hydra simulacra
  18 hell hounds
  13 swamp worms
  22 nagas
  A gelid demonspawn skeleton (Tar:4)
  A spiny frog zombie (Coc:3)
  A soldier ant (shapeshifter) (Vaults:5)
  Duvessa (D:6)
  2 spiny frog skeletons
  3 harpy simulacra (IceCv)
  10 porcupines
  3 eyes of draining
  2 mottled dragons (Vaults:1)
  9 water moccasins
  36 orc warriors
  A swamp drake (Swamp:4)
  11 black bears
  A snapping turtle zombie (Crypt:3)
  3 sky beasts
  A black bear (shapeshifter) (Elf:3)
  3 wasps
  32 ogres
  10 necrophages
  15 centaurs
  6 boggarts (Vaults:1)
  4 phantoms
  2 ice beasts
  A tengu (shapeshifter) (Vaults:5)
  2 snapping turtle skeletons
  A swamp dragon skeleton (Pan)
  4 big kobolds
  3 crocodiles
  Dowan (D:6)
  33 giant frogs
  A wyvern zombie (D:15)
  4 killer bees (D:8)
  A wyvern skeleton (D:13)
  A water moccasin skeleton (Crypt:2)
  A killer bee (shapeshifter) (Vaults:5)
  28 wights
  4 electric eels
  7 crimson imps
  An iron imp (Abyss:1)
  A wyvern simulacrum (D:15)
  A giant frog zombie (D:12)
  A centaur skeleton (Tar:7)
  8 centaur zombies
  2 human zombies
  6 worker ants
  2 draconian simulacra (IceCv)
  17 jellies
  2 quasits
  4 hounds
  2 giant frog skeletons
  43 orc wizards
  29 orc priests
  A human skeleton (Tar:7)
  A hell rat (Hell)
  10 iguanas
  2 polar bear simulacra (IceCv)
  4 troll simulacra (IceCv)
  2 spriggan simulacra (IceCv)
  16 sheep
  A demigod zombie (Crypt:2)
  2 ogre zombies (Ossuary)
  2 hound skeletons
  54 mummies
  A worker ant zombie (D:9)
  2 gnolls (Bailey)
  14 river rats
  8 adders
  8 shadow imps
  26 white imps
  10 ufetubi
  A worm zombie (Crypt:1)
  A worm (D:2)
  180 orcs
  5 bats
  5 hobgoblins
  5 kobolds
  2 quokkas
  A giant cockroach (D:1)
  2 giant geckos
  3 giant newts
  8 goblins
  A goblin zombie (Ossuary)
  A kobold zombie (Tar:3)
  A rat (D:2)
  A rat zombie (Ossuary)
  2 crawling corpses (Crypt:3)
  2 fire vortices (Vaults:2)
  4 plants (Lair:8)
  2 starspawn tentacles (Abyss:3)
2812 creatures vanquished.

Vanquished Creatures (collateral kills)
  the royal jelly (Slime:6)
  Ereshkigal (Tar:7)
  Frederick (Tomb:1)
  Norris (Elf:3)
  Geryon (Hell)
  An Ice Fiend (IceCv)
  Asterion (Elf:3)
  2 acid blobs (Slime:6)
  An ancient champion (Hell)
  2 shadow dragons
  A greater naga (Snake:4)
  An azure jelly (Slime:6)
  A deep elf sorcerer (Elf:3)
  A deep elf demonologist (Elf:3)
  3 deep elf annihilators (Elf:3)
  A death ooze (Slime:6)
  A great orb of eyes (Slime:6)
  A rakshasa (Pan)
  A hydra (Swamp:4)
  An alligator (Swamp:4)
  A sun demon (Hell)
  A shadow wraith (Tar:7)
  A hell hog (Hell)
  4 skeletal warriors (Hell)
  2 ice devils (Pan)
  3 swamp dragons (Swamp:4)
  A dire elephant zombie (Coc:7)
  2 slime creatures (Slime:6)
  A bog body (Coc:7)
  A deep elf fighter (Elf:3)
  2 flying skulls (Tomb:1)
  A naga (Snake:4)
  A snapping turtle zombie (Tomb:1)
  A jelly (Slime:6)
46 creatures vanquished.

Vanquished Creatures (others)
  A lich (Pan)
  A sphinx (Tomb:1)
  A balrug (Pan)
  An ironheart preserver (Vaults:2)
  A reaper (Pan)
  A deep elf annihilator (Pan)
  2 green deaths (Pan)
  A vault guard (Vaults:5)
  2 quicksilver dragon skeletons
  A rakshasa (Pan)
  A spriggan air mage (Pan)
  A sun demon (Pan)
  3 death scarabs (Tomb:1)
  A spatial maelstrom (Tomb:1)
  A ball lightning (Pan)
  A giant orange brain (Pan)
  An ice devil (Pan)
  An anubis guard (Tomb:1)
  A guardian serpent (Snake:4)
  A smoke demon (Pan)
  A hellwing (Pan)
  A yaktaur (Vaults:2)
  2 red devils (Pan)
  3 flying skulls
  2 ynoxinuls (Pan)
  A water elemental (Hell)
  2 nagas (Snake:4)
  A boggart (Vaults:1)
  An orc wizard (Orc:4)
  2 mummies
  A river rat (Lair:8)
  107 eldritch tentacle segments
  A fire vortex (Pan)
  A fungus (Lair:5)
  4 lost souls (Crypt:3)
  15 plants
  32 starspawn tentacle segments (Abyss:3)
  4 tentacles (Coc:2)
  66 tentacle segments (Coc:2)
271 creatures vanquished.

Grand Total: 3129 creatures vanquished

Notes
Turn   | Place    | Note
--------------------------------------------------------------
     0 | D:1      | 4thArraOfDagon the Minotaur Berserker began the quest for the Orb.
     0 | D:1      | Reached XP level 1. HP: 19/19 MP: 0/0
   122 | D:1      | Reached skill level 4 in Axes
   175 | D:2      | Reached XP level 2. HP: 25/27 MP: 1/1
   196 | D:2      | Reached XP level 3. HP: 33/33 MP: 2/2
   277 | D:3      | Reached XP level 4. HP: 40/40 MP: 3/3
   279 | D:3      | Reached ** piety under Trog
   287 | D:3      | Reached skill level 5 in Axes
   427 | D:4      | Got a slimy ring mail
   456 | D:5      | Entered Level 5 of the Dungeon
   484 | D:5      | Found a sand-covered staircase.
   488 | Ossuary  | Entered an ossuary
   516 | Ossuary  | Identified the +2 ring mail of Qazlal's Fury {Int+4 SInv} (You found it on level 4 of the Dungeon)
   532 | Ossuary  | Reached XP level 5. HP: 43/47 MP: 4/4
   550 | Ossuary  | Noticed Menkaure
   555 | Ossuary  | Killed Menkaure
   555 | Ossuary  | Reached skill level 5 in Fighting
   555 | Ossuary  | Reached skill level 6 in Axes
   555 | Ossuary  | Reached XP level 6. HP: 56/56 MP: 5/5
   655 | D:6      | Noticed Duvessa
   655 | D:6      | Noticed Dowan
   662 | D:6      | Killed Duvessa
   662 | D:6      | Reached skill level 7 in Axes
   662 | D:6      | Reached XP level 7. HP: 62/62 MP: 6/6
   664 | D:6      | Reached skill level 5 in Armour
   668 | D:6      | Killed Dowan
   738 | D:6      | Reached skill level 8 in Axes
   881 | D:8      | Reached XP level 8. HP: 71/71 MP: 7/7
   885 | D:8      | Reached skill level 9 in Axes
   983 | D:8      | Reached skill level 10 in Axes
  1163 | D:9      | Found a flagged portal.
  1177 | Bailey   | Entered a bailey
  1200 | Bailey   | Noticed an orc knight
  1220 | Bailey   | Reached XP level 9. HP: 81/81 MP: 8/8
  1221 | Bailey   | Killed an orc knight
  1221 | Bailey   | Reached skill level 11 in Axes
  1268 | Bailey   | Reached *** piety under Trog
  1433 | D:9      | Found a sacrificial altar of Ru.
  1435 | D:9      | Found a shattered altar of Ashenzari.
  1454 | D:10     | Entered Level 10 of the Dungeon
  1457 | D:10     | Noticed a hill giant
  1465 | D:10     | Killed a hill giant
  1465 | D:10     | Reached skill level 12 in Axes
  1688 | D:11     | Noticed a cyclops
  1698 | D:11     | Killed a cyclops
  1698 | D:11     | Reached XP level 10. HP: 91/91 MP: 9/9
  1825 | D:12     | Reached skill level 13 in Axes
  1914 | D:12     | Found Eqihifax's Antique Weapon Shoppe.
  1920 | D:12     | Bought a pitted hand axe for 328 gold pieces
  1920 | D:12     | Identified the +9 hand axe "Nyebesm" {chop, rC- MR+++ Int+4 Dex-3} (You bought it in a shop on level 12 of the Dungeon)
  1944 | D:12     | Reached skill level 10 in Fighting
  1975 | D:12     | Noticed a three-headed hydra
  1979 | D:12     | Killed a one-headed hydra
  2019 | D:12     | Noticed a six-headed hydra
  2050 | D:13     | Noticed a hill giant
  2057 | D:13     | Killed a hill giant
  2057 | D:13     | Reached skill level 14 in Axes
  2057 | D:13     | Reached skill level 10 in Armour
  2240 | D:15     | Entered Level 15 of the Dungeon
  2253 | D:15     | Reached skill level 1 in Shields
  2262 | D:15     | Noticed a hill giant
  2263 | D:15     | Noticed a hill giant
  2270 | D:15     | Killed a hill giant
  2270 | D:15     | Reached XP level 11. HP: 101/101 MP: 10/10
  2273 | D:15     | Killed a hill giant
  2311 | D:15     | Noticed an unseen horror
  2318 | D:15     | Killed an unseen horror
  2365 | D:15     | Noticed a centaur warrior
  2373 | D:15     | Killed a centaur warrior
  2480 | D:15     | Killed an unseen horror
  2495 | D:15     | Reached skill level 5 in Shields
  2498 | D:15     | Received a gift from Trog
  2551 | D:15     | Noticed a centaur warrior
  2558 | D:15     | Noticed a skeletal warrior
  2562 | D:15     | Killed a centaur warrior
  2562 | D:15     | Reached skill level 15 in Axes
  2574 | D:15     | Killed a skeletal warrior
  2622 | D:15     | Found Ulosenk's Magic Scroll Shoppe.
  2633 | D:15     | Bought a scroll of magic mapping for 49 gold pieces
  2633 | D:15     | Bought 3 scrolls of teleportation for 126 gold pieces
  2633 | D:15     | Bought a scroll of identify for 28 gold pieces
  2697 | D:15     | Noticed a seven-headed hydra
  2703 | D:15     | Reached XP level 12. HP: 107/110 MP: 11/11
  2722 | D:15     | Noticed an ogre mage
  2737 | D:15     | Killed an ogre mage
  2745 | D:15     | Noticed a four-headed hydra
  2802 | D:15     | Found a staircase to the Depths.
  2813 | Depths:1 | Entered Level 1 of the Depths
  2813 | Depths:1 | Noticed an ettin
  2815 | Depths:1 | Noticed an ice dragon
  2821 | D:15     | Killed an ettin
  2924 | D:13     | Reached **** piety under Trog
  3237 | D:11     | Reached skill level 16 in Axes
  3317 | D:10     | Noticed Psyche
  3330 | D:10     | Killed Psyche
  3418 | D:10     | Found a staircase to the Lair.
  3440 | D:10     | Noticed a gargoyle
  3458 | D:10     | Killed a gargoyle
  3532 | D:9      | Noticed septik's ghost (novice GrFi)
  3535 | D:9      | Noticed a two-headed ogre
  3536 | D:9      | Reached ***** piety under Trog
  3541 | D:9      | Found a staircase to the Orcish Mines.
  3547 | D:9      | Killed a two-headed ogre
  3555 | D:9      | Killed septik's ghost
  3700 | D:9      | Found a snail-covered altar of Cheibriados.
  3721 | Orc:1    | Entered Level 1 of the Orcish Mines
  3813 | Orc:2    | Noticed Erolcha
  3823 | Orc:2    | Killed Erolcha
  3823 | Orc:2    | Reached skill level 1 in Evocations
  3904 | Orc:1    | Received a gift from Trog
  4164 | Orc:4    | Entered Level 4 of the Orcish Mines
  4359 | Orc:4    | Reached ****** piety under Trog
  4426 | Orc:4    | Found Jeoll's Gadget Shoppe.
  4433 | Orc:4    | Reached skill level 10 in Shields
  4436 | Orc:4    | Reached XP level 13. HP: 119/119 MP: 13/13
  4440 | Orc:4    | Received a gift from Trog
  4493 | Orc:4    | Found a radiant altar of Vehumet.
  4496 | Orc:4    | Noticed an ogre mage
  4506 | Orc:4    | Killed an ogre mage
  4512 | Orc:4    | Found Ciraif's Book Shoppe.
  4517 | Orc:4    | Noticed an ogre mage
  4525 | Orc:4    | Killed an ogre mage
  4527 | Orc:4    | Found an ancient bone altar of Kikubaaqudgha.
  4582 | Orc:4    | Found a roughly hewn altar of Beogh.
  4584 | Orc:4    | Found Eczaoho Sida's Distillery.
  4606 | Orc:4    | Found Ezuru's Antique Armour Emporium.
  4615 | Orc:4    | Bought a steaming chain mail for 228 gold pieces
  4615 | Orc:4    | Bought a pair of faintly humming gloves for 228 gold pieces
  4620 | Orc:4    | Identified the +0 pair of gloves of Spite {+Inv rElec rF++ Dex+4} (You bought it in a shop on level 4 of the Orcish Mines)
  4630 | Orc:4    | Identified the cursed +0 chain mail of Zilexu {*Drain rC+ MR+ rCorr} (You bought it in a shop on level 4 of the Orcish Mines)
  4630 | Orc:4    | rly
  4650 | Orc:4    | Bought a potion of heal wounds for 75 gold pieces
  4650 | Orc:4    | Bought a potion of heal wounds for 75 gold pieces
  4650 | Orc:4    | Bought a potion of might for 60 gold pieces
  4650 | Orc:4    | Bought a potion of might for 60 gold pieces
  4650 | Orc:4    | Bought a potion of heal wounds for 75 gold pieces
  4650 | Orc:4    | Bought a potion of curing for 45 gold pieces
  4700 | Orc:3    | Received a gift from Trog
  5009 | Orc:3    | Found a staircase to the Elven Halls.
  5127 | Orc:4    | Bought 3 potions of heal wounds for 225 gold pieces
  5127 | Orc:4    | Bought a potion of berserk rage for 75 gold pieces
  5280 | Elf:1    | Entered Level 1 of the Elven Halls
  5305 | Elf:1    | Reached skill level 17 in Axes
  5335 | Elf:2    | Noticed a deep elf sorcerer
  5352 | Elf:2    | Killed a deep elf sorcerer
  5443 | Elf:2    | Found a frozen archway.
  5453 | IceCv    | Entered an ice cave
  5691 | IceCv    | Got a distressingly furry leather armour
  5744 | IceCv    | Noticed septik's ghost (journeyman GrFi)
  5752 | IceCv    | Killed septik's ghost
  5796 | IceCv    | Received a gift from Trog
  5865 | IceCv    | Noticed an Ice Fiend
  5935 | IceCv    | Killed an Ice Fiend
  5935 | IceCv    | Reached skill level 18 in Axes
  5975 | IceCv    | Reached XP level 14. HP: 33/129 MP: 16/16
  6018 | IceCv    | Got a pair of dazzling gloves
  6029 | IceCv    | Identified the +2 pair of gloves "Nustonkeb" {Str+4} (You found it in an ice cave)
  6063 | Elf:3    | Entered Level 3 of the Elven Halls
  6163 | Elf:3    | Found Caqak's Armour Boutique.
  6348 | Elf:3    | Noticed Asterion
  6365 | Elf:3    | Killed Asterion
  6395 | Elf:3    | Noticed a deep elf sorcerer
  6409 | Elf:3    | Killed a deep elf sorcerer
  6409 | Elf:3    | Reached skill level 5 in Evocations
  6420 | Elf:3    | Noticed a deep elf sorcerer
  6423 | Elf:3    | Killed a deep elf sorcerer
  6425 | Elf:3    | Noticed a deep elf master archer
  6425 | Elf:3    | Noticed a deep elf sorcerer
  6431 | Elf:3    | Noticed a deep elf blademaster
  6431 | Elf:3    | Noticed a deep elf master archer
  6456 | Elf:3    | Killed a deep elf blademaster
  6462 | Elf:3    | Killed a deep elf master archer
  6479 | Elf:3    | Killed a deep elf sorcerer
  6486 | Elf:3    | Killed a deep elf master archer
  6503 | Elf:3    | Cast into the Abyss (deep elf knight)
  6504 | Abyss:1  | how
  6569 | Elf:3    | Escaped the Abyss
  6626 | Elf:3    | Reached skill level 19 in Axes
  6649 | Elf:3    | Noticed Norris
  6815 | Elf:3    | Killed Norris
  6890 | Elf:3    | Noticed a deep elf blademaster
  6905 | Elf:3    | wow
  6916 | Elf:3    | Killed a deep elf blademaster
  6916 | Elf:3    | Reached XP level 15. HP: 139/139 MP: 18/18
  6956 | Elf:3    | Got a twisted scale mail
  6956 | Elf:3    | Got a scorched emerald amulet
  6957 | Elf:3    | Identified the amulet "Ixoav" {+Rage rF- Int+3 SInv} (You took it off a deep elf blademaster on level 3 of the Elven Halls)
  6970 | Elf:3    | Noticed a deep elf master archer
  6992 | Elf:3    | Killed a deep elf master archer
  7073 | Elf:3    | Identified Sif Muna's Volume of the Displaced Escort (You found it on level 3 of the Elven Halls)
  7135 | Elf:3    | Got a flickering zirconium amulet
  7137 | Elf:3    | Identified the amulet "Yresefism" {rCorr rC+} (You took it off a deep elf annihilator on level 3 of the Elven Halls)
  7182 | Elf:3    | Identified the Papyrus of Attacks and Poison (You found it on level 3 of the Elven Halls)
  7506 | Lair:1   | Entered Level 1 of the Lair of Beasts
  7522 | Lair:1   | Noticed Grum
  7528 | Lair:1   | Killed Grum
  7554 | Lair:1   | Reached skill level 20 in Axes
  7696 | Lair:3   | Gained mutation: You passively map a small area around you. [potion of mutation]
  7696 | Lair:3   | Gained mutation: You evolve. [potion of mutation]
  7696 | Lair:3   | Lost mutation: You evolve. [potion of mutation]
  7697 | Lair:3   | Gained mutation: Your mind is acute. (Int +2) [potion of mutation]
  7697 | Lair:3   | Gained mutation: You are weak. (Str -2) [potion of mutation]
  7697 | Lair:3   | Gained mutation: You tend to lose your temper in combat. [potion of mutation]
  7717 | Lair:3   | Found a glowing golden altar of the Shining One.
  7859 | Lair:5   | Noticed Nessos
  7874 | Lair:5   | Killed Nessos
  7888 | Lair:5   | Reached skill level 15 in Fighting
  7973 | Lair:8   | Entered Level 8 of the Lair of Beasts
  8019 | Lair:8   | Reached skill level 15 in Armour
  8488 | Lair:5   | Found a staircase to the Swamp.
  8505 | Swamp:1  | Entered Level 1 of the Swamp
  8556 | Swamp:1  | Received a gift from Trog
  8572 | Swamp:1  | Identified the cursed +1 scale mail of the Other Side {MR+ Str+5 Int+4} (You took it off a deep elf blademaster on level 3 of the Elven Halls)
  8739 | Swamp:4  | Entered Level 4 of the Swamp
  8896 | Swamp:4  | Noticed Jorgrun
  8960 | Swamp:3  | Noticed a thorn hunter
  8978 | Swamp:3  | Killed a thorn hunter
  8978 | Swamp:3  | Reached XP level 16. HP: 92/152 MP: 19/19
  9500 | Swamp:4  | Got a decaying rune of Zot
  9525 | Swamp:4  | Noticed a tentacled monstrosity
  9539 | Swamp:4  | Killed a tentacled monstrosity
  9626 | Lair:5   | Found a staircase to the Snake Pit.
 10095 | Lair:8   | Found a staircase to the Slime Pits.
 10224 | Slime:1  | Entered Level 1 of the Pits of Slime
 10345 | Slime:2  | Noticed an acid blob
 10357 | Slime:2  | Killed an acid blob
 10408 | Slime:2  | Received a gift from Trog
 10429 | Slime:3  | Noticed an acid blob
 10500 | Slime:3  | Killed an acid blob
 10500 | Slime:3  | Gained mutation: Scrolls take you a little longer to read. [a shining eye]
 10502 | Slime:3  | Gained mutation: You are frail (-10% HP). [a shining eye]
 10509 | Slime:3  | Noticed an acid blob
 10561 | Slime:2  | Lost mutation: You are frail (-10% HP). [potion of cure mutation]
 10561 | Slime:2  | Lost mutation: Scrolls take you a little longer to read. [potion of cure mutation]
 10561 | Slime:2  | Lost mutation: You are weak. (Str -2) [potion of cure mutation]
 10561 | Slime:2  | Lost mutation: You tend to lose your temper in combat. [potion of cure mutation]
 10561 | Slime:2  | Lost mutation: Your mind is acute. (Int +2) [potion of cure mutation]
 10561 | Slime:2  | Lost mutation: You passively map a small area around you. [potion of cure mutation]
 10571 | Slime:3  | Killed an acid blob
 10579 | Slime:4  | Gained mutation: You are weak. (Str -2) [a shining eye]
 10583 | Slime:4  | Reached skill level 5 in Dodging
 10656 | Slime:5  | Reached XP level 17. HP: 165/165 MP: 5/20
 10661 | Slime:5  | Noticed an acid blob
 10666 | Slime:6  | Entered Level 6 of the Pits of Slime
 10733 | Slime:5  | Killed an acid blob
 10840 | Slime:6  | Noticed the royal jelly
 10855 | Slime:6  | Killed the royal jelly
 10855 | Slime:6  | Received a gift from Trog
 10888 | Slime:6  | Reached skill level 10 in Dodging
 10942 | Slime:6  | Got a slimy rune of Zot
 11077 | Slime:6  | Got a vibrating brass ring
 11084 | Slime:6  | Identified the ring "Loeqask" {+Blink MR+} (You found it on level 6 of the Pits of Slime)
 11097 | Slime:6  | Gained mutation: You are partially covered in thin metallic scales (AC +2). [potion of beneficial mutation]
 11098 | Slime:6  | Gained mutation: You are resistant to electric shocks. [potion of beneficial mutation]
 11315 | Snake:1  | Entered Level 1 of the Snake Pit
 11443 | Snake:4  | Entered Level 4 of the Snake Pit
 11447 | Snake:4  | Found Pepod's Assorted Antiques.
 11465 | Snake:4  | Bought a potion of heal wounds for 155 gold pieces
 11734 | Snake:4  | Reached XP level 18. HP: 172/172 MP: 21/21
 11818 | Snake:4  | Got a serpentine rune of Zot
 11819 | Snake:4  | bbl
 12069 | Lair:3   | Fell from the grace of Trog
 12069 | Lair:3   | Became a worshipper of the Shining One
 12072 | Lair:3   | Learned a level 1 spell: Apportation
 12077 | Lair:3   | Learned a level 4 spell: Passage of Golubria
 12110 | Lair:2   | Got a heavily runed copper amulet
 12151 | Lair:1   | Identified the amulet "Pehit" {Ward *Drain rN+ Int+3 Dex+2} (You found it on level 2 of the Lair of Beasts)
 12359 | D:12     | Killed a three-headed hydra
 12394 | D:14     | Found a gate to the Vaults.
 12394 | D:14     | Noticed a vault guard
 12394 | D:14     | Noticed a vault guard
 12394 | D:14     | Noticed a vault guard
 12395 | D:14     | Noticed a vault guard
 12395 | D:14     | Noticed a vault guard
 12395 | D:14     | Noticed a vault guard
 12395 | D:14     | Noticed a vault guard
 12397 | D:14     | Noticed a vault guard
 12404 | D:14     | Killed a vault guard
 12410 | D:14     | Killed a vault guard
 12416 | D:14     | Killed a vault guard
 12416 | D:14     | Reached skill level 1 in Translocations
 12426 | D:14     | Killed a vault guard
 12435 | D:14     | Killed a vault guard
 12442 | D:14     | Killed a vault guard
 12442 | D:14     | Reached skill level 15 in Dodging
 12448 | D:14     | Killed a vault guard
 12448 | D:14     | Reached skill level 1 in Spellcasting
 12456 | D:14     | Killed a vault guard
 12464 | Vaults:1 | Entered Level 1 of the Vaults
 12607 | Vaults:1 | Reached * piety under the Shining One
 12658 | Vaults:1 | Found a flickering gateway to a bazaar.
 12664 | Bazaar   | Entered a bazaar
 12678 | Bazaar   | Found Limpewa's Assorted Antiques.
 12682 | Bazaar   | Bought a scroll labeled SOABEKL YGOUTU for 16 gold pieces
 12682 | Bazaar   | Bought a heavily runed plate armour for 448 gold pieces
 12682 | Bazaar   | Bought a scroll of identify for 32 gold pieces
 12707 | Bazaar   | Found Orickeof's Weapon Emporium.
 12722 | Bazaar   | Found Qumoptipi's Antique Armour Emporium.
 12722 | Bazaar   | Found Fileytis's Jewellery Shoppe.
 12732 | Bazaar   | Bought the +2 shield of Resistance {rF+ rC+ MR+} for 986 gold pieces
 12742 | Bazaar   | Bought an embroidered cloak for 108 gold pieces
 12791 | Bazaar   | Identified the +7 plate armour of the Kettle-Drum {*Drain rElec rN+++ MR-} (You bought it in a shop in a bazaar)
 12805 | Vaults:1 | Got an ichor-stained scale mail
 12922 | Vaults:2 | Reached skill level 5 in Translocations
 13032 | Vaults:3 | Reached ** piety under the Shining One
 13229 | Vaults:3 | You fall through a shaft!
 13320 | Vaults:3 | Found a portal to a secret trove of treasure.
 13378 | Vaults:4 | Identified the cursed +0 scale mail of Masochism {rPois} (You found it on level 1 of the Vaults)
 13535 | Vaults:3 | Found a roughly hewn altar of Beogh.
 13594 | Vaults:2 | Found Isoarr's Armour Boutique.
 13866 | Vaults:1 | Reached *** piety under the Shining One
 13939 | Vaults:1 | Reached XP level 19. HP: 155/179 MP: 24/24
 13984 | Vaults:1 | Got a dazzling plate armour
 13989 | Vaults:1 | Identified the +4 plate armour of Hairiness {+Fly} (You found it on level 1 of the Vaults)
 14396 | Vaults:2 | Reached skill level 5 in Spellcasting
 14550 | Vaults:1 | Reached **** piety under the Shining One
 14740 | Vaults:2 | Upgraded the game from 0.17.0-26-gececa24 to 0.17.0-27-g4a3f43e
 14887 | Vaults:3 | Found a staircase to the Crypt.
 14932 | Crypt:1  | Entered Level 1 of the Crypt
 14959 | Crypt:1  | Reached ***** piety under the Shining One
 15258 | Crypt:3  | Entered Level 3 of the Crypt
 15258 | Crypt:3  | Noticed Donald
 15258 | Crypt:3  | Reached ****** piety under the Shining One
 15264 | Crypt:3  | Killed Donald
 15276 | Crypt:3  | Killed the ghostly Donald
 15365 | Crypt:3  | Reached skill level 10 in Translocations
 15485 | Crypt:3  | Noticed a bone dragon
 15511 | Crypt:3  | Killed a bone dragon
 15554 | Crypt:3  | Learned a level 2 spell: Song of Slaying
 15558 | Crypt:3  | Learned a level 3 spell: Spectral Weapon
 15731 | Crypt:3  | Got a wavering ivory amulet
 15802 | Crypt:3  | Found a staircase to the Tomb.
 15838 | Crypt:3  | Reached XP level 20. HP: 182/188 MP: 27/29
 15841 | Crypt:3  | Identified the amulet of Deucecex {rCorr rElec rPois} (You found it on level 3 of the Crypt)
 16186 | Vaults:2 | Bought the -2 hat of the Alchemist {rElec rPois rF+ rC+ rN+ MR+ rMut rCorr} for 613 gold pieces
 16257 | Vaults:4 | Noticed Mennas
 16290 | Vaults:4 | Killed Mennas
 16290 | Vaults:4 | Reached skill level 1 in Invocations
 16464 | Vaults:4 | Found Raurhac's Weapon Boutique.
 16651 | Vaults:5 | Entered Level 5 of the Vaults
 16788 | Vaults:5 | Reached skill level 5 in Invocations
 16956 | Vaults:5 | Found Cihiolisch's Food Shop.
 16965 | Vaults:5 | Got a twisted plate armour
 16995 | Vaults:5 | Identified the +7 plate armour of Zoen Jez {Str+4} (You found it on level 5 of the Vaults)
 17001 | Vaults:5 | Bought a meat ration for 60 gold pieces
 17001 | Vaults:5 | Bought a meat ration for 60 gold pieces
 17001 | Vaults:5 | Bought a bread ration for 60 gold pieces
 17001 | Vaults:5 | Bought a bread ration for 60 gold pieces
 17001 | Vaults:5 | Bought a bread ration for 60 gold pieces
 17374 | Vaults:5 | Noticed a golden dragon
 17389 | Vaults:5 | Killed a golden dragon
 17420 | Vaults:5 | Reached XP level 21. HP: 158/194 MP: 32/32
 17479 | Vaults:5 | Noticed a golden dragon
 17499 | Vaults:5 | Killed a golden dragon
 17572 | Vaults:5 | Noticed inmateoo's ghost (veteran HOAs)
 17618 | Vaults:5 | Killed inmateoo's ghost
 17647 | Vaults:5 | Reached skill level 10 in Invocations
 17961 | Vaults:5 | Noticed an ancient lich
 17993 | Vaults:5 | Killed an ancient lich
 18240 | Vaults:5 | Noticed an ancient lich
 18251 | Vaults:5 | Killed an ancient lich
 18322 | Vaults:5 | Noticed a golden dragon
 18336 | Vaults:5 | Killed a golden dragon
 18359 | Vaults:5 | Got a silver rune of Zot
 18536 | Vaults:4 | Was forgiven by Trog
 18605 | Vaults:4 | Reached XP level 22. HP: 95/202 MP: 34/34
 18893 | Tomb:1   | Entered Level 1 of the Tomb of the Ancients
 18929 | Tomb:1   | Identified a +4 broad axe of holy wrath (a +2 broad axe of flaming blessed by the Shining One)
 18929 | Tomb:1   | Received a gift from the Shining One
 19058 | Tomb:1   | Noticed a greater mummy
 19095 | Tomb:1   | Noticed Frederick
 19103 | Tomb:1   | Killed Frederick
 19143 | Tomb:1   | Killed a greater mummy
 19249 | Tomb:1   | Cast into the Abyss (a Zot trap)
 19313 | Abyss:2  | Found a runed gate.
 19313 | Abyss:2  | Found a runed gate.
 19316 | Abyss:2  | Found a runed gate.
 19531 | Abyss:5  | Entered Level 5 of the Abyss
 19531 | Abyss:5  | Found a corrupted altar of Lugonu.
 19546 | Abyss:5  | Got an abyssal rune of Zot
 19548 | Abyss:5  | Found a corrupted altar of Lugonu.
 19561 | Tomb:1   | Escaped the Abyss
 19582 | Tomb:2   | Noticed a greater mummy
 19584 | Tomb:2   | Noticed a greater mummy
 19585 | Tomb:2   | Noticed a greater mummy
 19676 | Tomb:2   | Reached skill level 21 in Axes
 19680 | Tomb:2   | Killed a greater mummy
 19687 | Tomb:2   | Killed a greater mummy
 19700 | Tomb:2   | Noticed a greater mummy
 19716 | Tomb:2   | Killed a greater mummy
 19718 | Tomb:2   | Killed a greater mummy
 19831 | Tomb:3   | Entered Level 3 of the Tomb of the Ancients
 19885 | Tomb:3   | Noticed a greater mummy
 19890 | Tomb:3   | Noticed a greater mummy
 19908 | Tomb:3   | Noticed an ancient lich
 19923 | Tomb:2   | Killed a greater mummy
 19933 | Tomb:3   | Noticed a greater mummy
 19944 | Tomb:2   | Killed a greater mummy
 19958 | Tomb:2   | Killed an ancient lich
 19958 | Tomb:2   | Reached skill level 22 in Axes
 19958 | Tomb:2   | Reached XP level 23. HP: 175/207 MP: 35/35
 19962 | Tomb:2   | Killed a greater mummy
 20156 | Tomb:3   | Noticed a greater mummy
 20175 | Tomb:3   | Killed a greater mummy
 20176 | Tomb:3   | Noticed a greater mummy
 20187 | Tomb:3   | Killed a greater mummy
 20189 | Tomb:3   | Noticed a greater mummy
 20196 | Tomb:3   | Killed a greater mummy
 20212 | Tomb:3   | Noticed a greater mummy
 20224 | Tomb:3   | Killed a greater mummy
 20224 | Tomb:3   | Reached skill level 23 in Axes
 20230 | Tomb:3   | Got a golden rune of Zot
 20269 | Tomb:3   | Noticed a greater mummy
 20284 | Tomb:3   | Killed a greater mummy
 20321 | Tomb:3   | Identified Vehumet's Grimoire of Arcane Weapons (You found it on level 3 of the Tomb of the Ancients)
 20323 | Tomb:3   | Identified the Compendium of Dusty Battle Magic (You found it on level 3 of the Tomb of the Ancients)
 20329 | Tomb:3   | Got a bloodstained battleaxe
 20703 | D:15     | Noticed a wolf spider
 20711 | D:15     | Killed a wolf spider
 20763 | Depths:1 | Noticed a rakshasa
 20770 | Depths:1 | Killed an ice dragon
 20779 | Depths:1 | Killed a rakshasa
 20795 | Depths:1 | Noticed a fire giant
 20801 | Depths:2 | Found Izoic's Magic Scroll Shop.
 20805 | Depths:2 | Bought a scroll of blinking for 112 gold pieces
 20805 | Depths:2 | Bought a scroll of teleportation for 45 gold pieces
 20805 | Depths:2 | Bought a scroll of teleportation for 45 gold pieces
 20805 | Depths:2 | Bought a scroll of recharging for 142 gold pieces
 20805 | Depths:2 | Bought a scroll of recharging for 142 gold pieces
 20805 | Depths:2 | Bought a scroll of enchant weapon for 112 gold pieces
 20805 | Depths:2 | Bought a scroll of holy word for 112 gold pieces
 20814 | Depths:2 | Bought a scroll of identify for 30 gold pieces
 20814 | Depths:2 | Bought 3 scrolls of identify for 90 gold pieces
 20814 | Depths:2 | Bought a scroll of identify for 30 gold pieces
 20814 | Depths:2 | Bought a scroll of fog for 30 gold pieces
 20814 | Depths:2 | Bought a scroll of identify for 30 gold pieces
 20814 | Depths:2 | Identified the +9 battleaxe of Honour {venom, rF+ rN+ Dex+3} (You found it on level 3 of the Tomb of the Ancients)
 20840 | Depths:3 | Noticed a juggernaut
 20858 | Depths:3 | Killed a juggernaut
 20926 | Depths:3 | Found a one-way gate leading to the halls of Pandemonium.
 20944 | Pan      | Entered Pandemonium
 20971 | Pan      | Noticed Xintuhask the pandemonium lord
 20987 | Pan      | Killed Xintuhask the pandemonium lord
 21043 | Pan      | Reached XP level 24. HP: 204/220 MP: 35/35
 21198 | Pan      | Found an exit through the horrors of the Abyss.
 21326 | Pan      | Noticed Varphint the pandemonium lord
 21444 | Pan      | Found an exit through the horrors of the Abyss.
 21475 | Pan      | Gained mutation: You are partially covered in icy blue scales (AC +1). [potion of beneficial mutation]
 21558 | Pan      | Noticed Lodgh the pandemonium lord
 21567 | Pan      | Killed Lodgh the pandemonium lord
 21684 | Pan      | Found an exit through the horrors of the Abyss.
 21893 | Pan      | Found an exit through the horrors of the Abyss.
 21944 | Pan      | Noticed Xalaloq the pandemonium lord
 21955 | Pan      | Killed Xalaloq the pandemonium lord
 22142 | Pan      | Noticed Erudwul the pandemonium lord
 22157 | Pan      | Killed Erudwul the pandemonium lord
 22167 | Pan      | Got a demonic rune of Zot
 22256 | Pan      | Found an exit through the horrors of the Abyss.
 22306 | Pan      | Reached XP level 25. HP: 160/243 MP: 35/35
 22335 | Pan      | Noticed Qask the pandemonium lord
 22346 | Pan      | Killed Qask the pandemonium lord
 22431 | Pan      | Found an exit through the horrors of the Abyss.
 22520 | Pan      | Found an exit through the horrors of the Abyss.
 22648 | Pan      | Found an exit through the horrors of the Abyss.
 22781 | Pan      | Noticed Jukko the pandemonium lord
 22787 | Pan      | Killed Jukko the pandemonium lord
 22822 | Pan      | Found an exit through the horrors of the Abyss.
 22941 | Pan      | Noticed Ypsaos the pandemonium lord
 22958 | Pan      | Killed Ypsaos the pandemonium lord
 23013 | Pan      | Noticed Zeaxkebb the pandemonium lord
 23028 | Pan      | The Shining One protects you from harm!
 23033 | Pan      | Killed Zeaxkebb the pandemonium lord
 23033 | Pan      | Reached skill level 24 in Fighting
 23107 | Pan      | Noticed Uma Baak the pandemonium lord
 23120 | Pan      | Killed Uma Baak the pandemonium lord
 23134 | Pan      | Identified the Compendium of the Countless Runes (You found it in Pandemonium)
 23226 | Pan      | Noticed Olammimu the pandemonium lord
 23237 | Pan      | Noticed Duzytyeg the pandemonium lord
 23436 | Pan      | Found an exit through the horrors of the Abyss.
 23497 | Pan      | Got a flickering bone ring
 23498 | Pan      | Identified the ring of Vuseuzur {rPois EV+4} (You found it in Pandemonium)
 23517 | Pan      | Entered the realm of Cerebov.
 23777 | Pan      | Reached XP level 26. HP: 183/257 MP: 35/35
 23783 | Pan      | Reached skill level 25 in Fighting
 23794 | Pan      | Noticed Cerebov
 23810 | Pan      | Got a fiery rune of Zot
 23842 | Pan      | Entered the realm of Lom Lobon.
 23971 | Pan      | Noticed Lom Lobon
 23975 | Pan      | Got a magical rune of Zot
 24069 | Pan      | Found an exit through the horrors of the Abyss.
 24135 | Pan      | Entered the realm of Gloorx Vloq.
 24216 | Pan      | Got a dark rune of Zot
 24282 | Pan      | Reached skill level 26 in Armour
 24329 | Pan      | Noticed Lom Lobon
 24333 | Pan      | Found an exit through the horrors of the Abyss.
 24357 | Pan      | Noticed Qixeluse the pandemonium lord
 24370 | Pan      | Killed Qixeluse the pandemonium lord
 24457 | Depths:3 | Escaped Pandemonium
 24459 | Pan      | Entered Pandemonium
 24579 | Pan      | Noticed Lom Lobon
 24652 | Pan      | Noticed Kauh the pandemonium lord
 24673 | Pan      | Killed Kauh the pandemonium lord
 24751 | Pan      | Identified a scroll of acquirement
 24758 | Pan      | Noticed Gloorx Vloq
 24758 | Pan      | Got a pair of steaming boots
 24765 | Pan      | Reached skill level 15 in Shields
 24776 | Pan      | Killed Gloorx Vloq
 24817 | Pan      | Identified the +1 pair of boots of the Serpent {Dex+4} (You found it in Pandemonium)
 24842 | Pan      | Got a faintly glowing golden amulet
 24843 | Pan      | Identified the amulet "Atyng" {Faith rF+ rC+ MR+ Str-2 Int+3} (You found it in Pandemonium)
 24952 | Pan      | Found a huge runed gate.
 24966 | Pan      | Noticed Gisuceck the pandemonium lord
 24995 | Pan      | Killed Gisuceck the pandemonium lord
 24995 | Pan      | Reached XP level 27. HP: 266/266 MP: 30/35
 25190 | Pan      | Found an exit through the horrors of the Abyss.
 25219 | Pan      | Noticed Pyigroc the pandemonium lord
 25226 | Pan      | Killed Pyigroc the pandemonium lord
 25347 | Pan      | Reached skill level 15 in Invocations
 25477 | Pan      | Entered the realm of Mnoleg.
 25566 | Pan      | Noticed Mnoleg
 25570 | Pan      | Got a glowing rune of Zot
 25596 | Pan      | Killed Mnoleg
 25913 | Pan      | Learned a level 2 spell: Blink
 25976 | Pan      | Noticed Xeshoat the pandemonium lord
 25992 | Pan      | Killed Xeshoat the pandemonium lord
 26009 | Pan      | :(
 26038 | Pan      | Found an exit through the horrors of the Abyss.
 26042 | Pan      | Noticed Lom Lobon
 26044 | Pan      | Took an exit into the Abyss.
 26044 | Abyss:1  | Escaped into the Abyss
 26044 | Abyss:1  | Found a corrupted altar of Lugonu.
 26072 | Depths:3 | Escaped the Abyss
 26106 | Depths:3 | Found a gateway to Hell.
 26112 | Hell     | Entered the Vestibule of Hell
 26112 | Hell     | Noticed Geryon
 26142 | Hell     | Killed Geryon
 26164 | Hell     | Found a gateway to the decaying netherworld of Tartarus.
 26179 | Tar:1    | Entered Level 1 of Tartarus
 26179 | Tar:1    | Found a gateway to Hell.
 26193 | Tar:2    | Found a gateway to Hell.
 26400 | Tar:2    | Gained mutation: You can spit weak poison. [mutagenic glow]
 26473 | Tar:2    | Found a gateway to Hell.
 26521 | Tar:2    | Found a gateway to Hell.
 26528 | Tar:3    | Found a gateway to Hell.
 26604 | Tar:3    | Found a gateway to Hell.
 26689 | Tar:3    | Found a gateway to Hell.
 26710 | Tar:4    | Found a gateway to Hell.
 26733 | Tar:4    | Found a gateway to Hell.
 26788 | Tar:4    | You fall through a shaft!
 26846 | Tar:5    | Found a gateway to Hell.
 26946 | Tar:5    | Found a gateway to Hell.
 26972 | Tar:6    | Found a gateway to Hell.
 27030 | Tar:7    | Entered Level 7 of Tartarus
 27030 | Tar:7    | Found a gateway to Hell.
 27043 | Tar:7    | Found a gateway to Hell.
 27063 | Tar:7    | :D
 27151 | Tar:7    | WTF
 27181 | Tar:7    | Noticed an ancient lich
 27191 | Tar:7    | Killed an ancient lich
 27278 | Tar:7    | Noticed Ereshkigal
 27305 | Tar:7    | Killed Ereshkigal
 27367 | Tar:7    | Got a bone rune of Zot
 27484 | Hell     | Found a gateway to the freezing wastes of Cocytus.
 27518 | Coc:1    | Entered Level 1 of Cocytus
 27518 | Coc:1    | Found a gateway to Hell.
 27542 | Coc:2    | Found a gateway to Hell.
 27692 | Coc:4    | Found a gateway to Hell.
 27744 | Coc:4    | Found a gateway to Hell.
 27744 | Coc:4    | Found a gateway to Hell.
 27746 | Coc:5    | Found a gateway to Hell.
 27770 | Coc:5    | You fall through a shaft!
 27770 | Coc:6    | Found a gateway to Hell.
 27777 | Coc:6    | Found a gateway to Hell.
 27787 | Coc:7    | Entered Level 7 of Cocytus
 27812 | Coc:7    | Got a transparent granite ring
 27814 | Coc:7    | Identified the ring of Oshraxuv {rN+ Str+2 Dex+6} (You found it on level 7 of Cocytus)
 27879 | Coc:7    | Noticed the Serpent of Hell
 27898 | Coc:7    | Killed the Serpent of Hell
 28098 | Coc:7    | Noticed Antaeus
 28105 | Coc:7    | Got an icy rune of Zot
 28162 | Coc:7    | Found a gateway to Hell.
 28163 | Coc:7    | Found a gateway to Hell.
 28163 | Coc:7    | Found a gateway to Hell.
 28198 | Hell     | HP: 13/266 [Antaeus (11)]
 28198 | Hell     | Slain by Antaeus

Action                   |  1- 3 |  4- 6 |  7- 9 | 10-12 | 13-15 | 16-18 | 19-21 | 22-24 | 25-27 || total
-------------------------+-------+-------+-------+-------+-------+-------+-------+-------+-------++-------
Melee: Hand axe          |    27 |    50 |   151 |   481 |   842 |   137 |       |       |       ||  1688
       Battleaxe         |       |       |    21 |    29 |       |       |       |       |       ||    50
       Falchion          |       |       |       |     4 |       |       |       |       |       ||     4
       War axe           |       |       |       |       |   146 |   890 |  1274 |    22 |       ||  2332
       Broad axe         |       |       |       |       |    13 |    92 |       |  1046 |  1669 ||  2820
 Cast: Apportation       |       |       |       |       |       |       |    26 |    36 |    32 ||    94
       Passage of Golubr |       |       |       |       |       |       |       |    10 |    30 ||    40
Invok: Berserk           |     2 |     3 |     6 |     9 |    14 |    14 |       |       |       ||    48
       Trog's Hand       |       |     1 |     6 |    14 |    32 |    26 |       |       |       ||    79
       Brothers in Arms  |       |       |       |       |    10 |     5 |       |       |       ||    15
       Burn Spellbooks   |       |       |       |       |     2 |     1 |       |       |       ||     3
       Divine Shield     |       |       |       |       |       |       |     4 |     6 |     3 ||    13
       Cleansing Flame   |       |       |       |       |       |       |     1 |    19 |    42 ||    62
       Summon Divine War |       |       |       |       |       |       |     1 |     1 |     7 ||     9
       Brand Weapon With |       |       |       |       |       |       |       |     1 |       ||     1
 Abil: Stop Flying       |       |       |       |       |     1 |     2 |       |       |       ||     3
       Evoke Flight      |       |       |       |       |     1 |     1 |       |       |       ||     2
       Evoke Berserk Rag |       |       |       |       |       |     3 |    17 |     5 |     3 ||    28
Evoke: Wand              |       |       |       |       |    10 |    10 |     4 |     7 |    18 ||    49
       Lamp of fire      |       |       |       |       |     1 |       |     1 |       |       ||     2
       Phial of floods   |       |       |       |       |     1 |       |       |       |       ||     1
       Deck              |       |       |       |       |       |     3 |       |       |       ||     3
       Phantom mirror    |       |       |       |       |       |       |     1 |       |       ||     1
  Use: Scroll            |       |     2 |     9 |     6 |    26 |    21 |    10 |    20 |    13 ||   107
       Potion            |       |       |       |       |     7 |    20 |    12 |     3 |    20 ||    62
 Stab: Distracted        |       |       |       |       |     2 |     2 |     1 |       |       ||     5
       Paralysed         |       |       |       |       |       |       |       |       |     2 ||     2
  Eat: Chunk             |       |     1 |    11 |    21 |    10 |     1 |    24 |     9 |       ||    77
       Royal jelly       |       |     1 |       |       |       |       |       |     1 |     1 ||     3
       Pizza             |       |       |       |       |     8 |     5 |     1 |     1 |       ||    15
       Beef jerky        |       |       |       |       |     5 |     2 |     2 |     3 |     1 ||    13
       Fruit             |       |       |       |       |    14 |    11 |       |       |     3 ||    28
       Bread ration      |       |       |       |       |       |     6 |     1 |     2 |     5 ||    14
       Meat ration       |       |       |       |       |       |       |       |     1 |     1 ||     2
